 Dungeon Crawl Stone Soup version 0.24.0-10-g970556be89 (webtiles) character file.

Game seed: 9771929263333339810, levelgen mode: deterministic

881 Arixos the Skirmisher (level 7, -1/57 HPs)
             Began as a Demonspawn Monk on Nov 4, 2019.
             Slain by Menkaure (3 damage)
             ... on level 5 of the Dungeon.
             The game lasted 00:17:21 (6626 turns).

Arixos the Skirmisher (Demonspawn Monk)             Turns: 6626, Time: 00:17:22

Health: -1/57      AC: 18    Str: 14    XL:     7   Next: 75%
Magic:  0/7        EV: 13    Int: 11    God:
Gold:   286        SH:  0    Dex: 15    Spells: 6/6 levels left

rFire    . . .     SeeInvis .   e - +2 dagger (protect)
rCold    . . .     Gourm    .   (no shield)
rNeg     . . .     Faith    .   p - +0 ring mail {rPois}
rPois    +         Spirit   +   (no helmet)
rElec    .         Reflect  .   (no cloak)
rCorr    .         Harm     .   (no gloves)
MR       .....                  n - +0 pair of boots
Stlth    +.........             (no amulet)
HPRegen  0.19/turn              f - ring of flight
MPRegen  0.20/turn              (no ring)

@: protection aura
A: iridescent scales 2, spiny 1, magic shield, magic regeneration
a: Evoke Flight


You were on level 5 of the Dungeon.
You were hungry.

You visited 1 branch of the dungeon, and saw 6 of its levels.

You collected 286 gold pieces.

Inventory:

Hand Weapons
 e - a +2 dagger of protection (weapon)
Armour
 n - a +0 pair of boots (worn)
 p - a +0 ring mail of poison resistance (worn)
 w - a +3 leather armour of fire resistance
Jewellery
 f - a ring of flight (left hand)
Scrolls
 a - 2 scrolls of teleportation {unknown}
 c - 9 scrolls of identify
 d - 2 scrolls of remove curse
 g - 3 scrolls of random uselessness {unknown}
 h - 2 scrolls of noise {unknown}
 i - a scroll of magic mapping {unknown}
 j - 4 scrolls of enchant weapon {unknown}
 k - 2 scrolls of enchant armour {unknown}
 m - 2 scrolls of fog {unknown}
 u - 2 scrolls of fear {unknown}
Potions
 l - a potion of ambrosia {unknown}
 o - a potion of heal wounds
 q - 2 potions of curing {unknown}
 r - a potion of lignification {unknown}
 t - a potion of cancellation {unknown}
 v - a potion of degeneration {unknown}
Comestibles
 b - 3 rations
 s - 5 chunks of flesh


   Skills:
 + Level 5.9 Fighting
 + Level 4.4 Armour
 + Level 5.3 Dodging
 - Level 1.7 Stealth
 - Level 2.6 Unarmed Combat


You had 6 spell levels left.
You didn't know any spells.
Your spell library contained the following spells:

 Spells                   Type           Power        Failure   Level  Hunger
 Beastly Appendage        Tmut           #.....       56%         1    ##.....
 Sticks to Snakes         Tmut           #.......     71%         2    ###....
 Spider Form              Tmut/Pois      #.........   90%         3    ####...
 Ice Form                 Ice/Tmut       #.......     100%        4    #####..
 Blade Hands              Tmut           #.........   100%        5    ######.


Dungeon Overview and Level Annotations

Branches:
Dungeon (6/15)
 Temple: D:4-7

Altars:
Ashenzari
Fedhas
Hepliaklqana
Qazlal
Uskayaw
Xom
The Shining One

Annotations:
D:5 Menkaure


Innate Abilities, Weirdness & Mutations

You are mostly covered in iridescent scales. (AC +4)
You are partially covered in sharp spines.
When hurt, damage is shared between your health and your magic reserves.
You regenerate magic rapidly.


Message History

You are too injured to fight recklessly!
You are too injured to fight recklessly!
You hit Menkaure.
Menkaure is severely damaged.
Menkaure hits you!
* * * LOW HITPOINT WARNING * * *
You hit Menkaure.
Menkaure is severely damaged.
Menkaure calls on the powers of darkness!
You feel a surge of unholy energy.
You barely miss Menkaure.
Menkaure is severely damaged.
Menkaure is struck by your spines. Menkaure closely misses you.
You hit Menkaure.
Menkaure is almost destroyed.
Menkaure is struck by your spines. Menkaure hits you but does no damage.
You barely miss Menkaure.
Menkaure is almost destroyed.
Menkaure hits you.
You die...

#...###..##.##.####+#
#....................
#....................
#....................
#...##...##....##....
#...##...##....##....
#...##.....>.........
#...##.........##....
#...@M.........##....
#...............#....
#...÷...........#....
#...............#....
#...##..#############
##'###..#............
... ...#............
#.......#.......)....
#.......#..÷.........


You could see Menkaure.

Vanquished Creatures
  A phantom (D:4)
  A centaur (D:5)
  An ogre (D:4)
  A bullfrog (D:3)
  A scorpion (D:4)
  2 crimson imps
  A hound (D:4)
  A quasit (D:5)
  An orc priest (D:5)
  A gnoll shaman (D:5)
  A bullfrog skeleton (D:4)
  A worker ant (D:5)
  A hound zombie (D:3)
  3 gnolls (D:5)
  A howler monkey skeleton (D:4)
  10 adders
  An ooze (D:2)
  2 adder skeletons
  6 worms
  2 dart slugs (D:2)
  2 leopard geckos
  4 orcs
  5 giant cockroaches
  9 goblins
  11 hobgoblins
  12 jackals
  3 kobolds
  A quokka (D:3)
  3 ball pythons
  9 bats
  6 frilled lizards
  9 rats
113 creatures vanquished.

Notes
Turn   | Place    | Note
-------+----------+-------------------------------------------
     0 | D:1      | Arixos the Demonspawn Monk began the quest for the Orb.
     0 | D:1      | Reached XP level 1. HP: 18/18 MP: 1/1
   254 | D:1      | Gained mutation: You are partially covered in iridescent
                  | scales. (AC +2) [demonic ancestry]
   254 | D:1      | Reached XP level 2. HP: 18/24 MP: 2/2
   508 | D:1      | Reached skill level 1 in Armour
   979 | D:1      | Gained mutation: When hurt, damage is shared between your
                  | health and your magic reserves. [demonic ancestry]
   979 | D:1      | Reached XP level 3. HP: 28/29 MP: 3/3
  1449 | D:2      | Found a shattered altar of Ashenzari.
  1960 | D:2      | Gained mutation: You regenerate magic rapidly. [demonic
                  | ancestry]
  1960 | D:2      | Reached XP level 4. HP: 35/37 MP: 4/4
  2894 | D:3      | Gained mutation: You are mostly covered in iridescent
                  | scales. (AC +4) [demonic ancestry]
  2894 | D:3      | Reached XP level 5. HP: 38/42 MP: 5/5
  3123 | D:3      | Found a shimmering altar of Xom.
  3124 | D:3      | Found a hide-covered altar of Uskayaw.
  3125 | D:3      | Found a blossoming altar of Fedhas.
  3134 | D:3      | Found a glowing golden altar of the Shining One.
  3843 | D:3      | Reached XP level 6. HP: 49/49 MP: 6/6
  5251 | D:3      | You fall into a shaft and drop 1 floor!
  5369 | D:4      | Found a hazy altar of Hepliaklqana.
  5448 | D:4      | Reached skill level 5 in Fighting
  5495 | D:4      | Gained mutation: You are partially covered in sharp spines.
                  | [demonic ancestry]
  5495 | D:4      | Reached XP level 7. HP: 46/56 MP: 7/7
  5903 | D:5      | Entered Level 5 of the Dungeon
  5940 | D:5      | Found a stormy altar of Qazlal.
  6072 | D:5      | Reached skill level 5 in Dodging
  6532 | D:5      | Noticed Menkaure
  6622 | D:5      | HP: 2/57 [Menkaure (12)]
  6626 | D:5      | Slain by Menkaure

Levels and vault maps discovered:
D:1:      evilmike_arrival_fibonacci_small, layout_rooms, serial_forest,
          infiniplex_forest_split, infiniplex_forest_lined_ring,
          infiniplex_forest_clump_small, infiniplex_forest_lined_room_2,
          infiniplex_forest_clump_diagonal, infiniplex_forest_end_1
D:2:      layout_loops_corners, evilmike_ruin_ashenzari, minmay_pentomino_w4
D:3:      layout_loops_ring, chequers_temple_overflow_statue_of_worship
D:4:      layout_cave_pools, serial_park, serial_park_avenue1,
          serial_park_tiny_pond, serial_park_square2,
          hangedman_abyss_or_decor_lesser_grid, kennysheep_generic_room_6
D:5:      layout_gridville, nicolae_dithmenos_through_a_glass_darkly,
          grunt_qazlal_sundering, minmay_temple_entry_waves, first_ration,
          uniq_menkaure
D:6:      layout_rooms, serial_shops, nicolae_shop_behind_doors,
          chequers_decorated_corner, nemelex_lonely_heart_becter,
          uniq_prince_ribbit1

Skill      XL: |  1  2  3  4  5  6  7 |
---------------+----------------------+-----
Dodging        | 3 4 5 |  5.3
Armour         | 1 2 3 4 |  4.4
Fighting       | 4 5 |  5.9
Stealth        | |  1.7
Unarmed Combat | |  2.6

Action                   |  1- 3 |  4- 6 |  7- 9 || total
-------------------------+-------+-------+-------++-------
Melee: Unarmed           |   187 |       |       ||   187
       Dagger            |    44 |  1923 |   111 ||  2078
       Punch             |     1 |    19 |     3 ||    23
  Use: Scroll            |     2 |       |       ||     2
 Stab: Sleeping          |     1 |     4 |       ||     5
  Eat: Chunk             |     4 |     6 |     3 ||    13
       Ration            |       |     3 |       ||     3
Armor: Scale mail        |    65 |       |       ||    65
       Robe              |     7 |       |       ||     7
       Chain mail        |    32 |    25 |       ||    57
       Ring mail         |       |   709 |    48 ||   757
Dodge: Dodged            |   108 |   868 |    68 ||  1044
